 Dungeon Crawl Stone Soup version 0.28-a0-43-g560ac104fe (webtiles) character file.

Game seed: 13729246619792553634

123 IndexError the Grave Robber (level 5, -8/37 HPs)
             Began as a Gnoll Necromancer on July 28, 2021.
             Mangled by an ogre (27 damage)
             ... on level 4 of the Dungeon.
             The game lasted 00:07:11 (3883 turns).

IndexError the Grave Robber (Gnoll Necromancer)     Turns: 3883, Time: 00:07:11

Health: -8/37      AC:  2    Str:  7    XL:     5   Next: 7%
Magic:  5/12       EV: 13    Int: 21    God:
Gold:   44         SH:  0    Dex: 13    Spells: 9/14 levels left

rFire   . . .      SeeInvis .   i - +0 dagger (venom)
rCold   . . .      Faith    .   (no shield)
rNeg    + . .      Spirit   .   o - +0 robe {rN+}
rPois   .          Reflect  .   (no helmet)
rElec   .          Harm     .   (no cloak)
rCorr   .          Rampage  .   (no gloves)
Will    .....                   (no boots)
Stlth   +++.......              (no amulet)
HPRegen 0.12/turn               g - ring of wizardry {Wiz+, !d}
MPRegen 0.13/turn               l - +6 ring of intelligence

@: no status effects
A: fangs 1, strong nose, distributed training
a: no special abilities


You were on level 4 of the Dungeon.
You visited 1 branch of the dungeon, and saw 4 of its levels.

You collected 44 gold pieces.

Inventory:

Hand Weapons
 i - a +0 dagger of venom (weapon)
   (You took it off a goblin on level 2 of the Dungeon)
Armour
 n - a +3 ring mail
   (You found it on level 3 of the Dungeon)
 o - a +0 robe of positive energy (worn)
   (You took it off an orc wizard on level 4 of the Dungeon)
Jewellery
 g - a ring of wizardry (left hand) {Wiz+, !d}
   (You found it on level 2 of the Dungeon)
 l - a +6 ring of intelligence (right hand)
   (You found it on level 3 of the Dungeon)
Scrolls
 c - 4 scrolls of identify {unknown}
 e - 2 scrolls of magic mapping {unknown}
 j - a scroll of amnesia {unknown}
 k - a scroll of noise {unknown}
Potions
 b - a potion of haste {unknown}
 d - a potion of resistance {unknown}
 f - 3 potions of curing {unknown}
 h - a potion of heal wounds {unknown}
 m - 2 potions of brilliance {unknown}


   Skills:
 + Level 1.3 Fighting
 + Level 1.3 Short Blades
 + Level 1.3 Long Blades
 + Level 1.3 Axes
 + Level 1.3 Maces & Flails
 + Level 1.3 Polearms
 + Level 1.3 Staves
 + Level 1.3 Slings
 + Level 1.3 Bows
 + Level 1.3 Crossbows
 + Level 1.3 Throwing
 + Level 1.3 Armour
 + Level 4.7 Dodging
 + Level 4.3 Stealth
 + Level 1.3 Shields
 + Level 1.3 Unarmed Combat
 + Level 5.1 Spellcasting
 + Level 1.1 Conjurations
 + Level 1.1 Hexes
 + Level 1.1 Summonings
 + Level 7.1 Necromancy
 + Level 1.1 Translocations
 + Level 1.1 Transmutations
 + Level 1.1 Fire Magic
 + Level 1.1 Ice Magic
 + Level 1.1 Air Magic
 + Level 1.1 Earth Magic
 + Level 1.1 Poison Magic
 + Level 1.5 Invocations
 + Level 1.3 Evocations


You had 9 spell levels left.
You knew the following spells:

 Your Spells              Type           Power      Damage    Failure   Level
a - Pain                  Necr           100%       1d9       1%          1
x - Vampiric Draining     Necr           17%        2d8       1%          3
A - Animate Skeleton      Necr           70%        N/A       1%          1

Your spell library contained the following spells:

 Spells                   Type           Power      Damage    Failure   Level
 Magic Dart               Conj           40%        1d5       2%          1
 Animate Dead             Necr           17%        N/A       2%          4
 Ensorcelled Hibernation  Hex/Ice        20%        N/A       4%          2
 Searing Ray              Conj           20%        3d3       4%          2
 Agony                    Necr           35%        N/A       6%          5
 Spider Form              Tmut/Pois      5%         N/A       9%          3
 Fulminant Prism          Conj/Hex       5%         3d7       26%         4
 Shadow Creatures         Summ           N/A        N/A       98%         6


Dungeon Overview and Level Annotations

Branches:
Dungeon (4/15)
 Temple: D:4-7

Altars:

Shops:
D:2 [:[


Innate Abilities, Weirdness & Mutations

You have very sharp teeth.
Your uncanny sense of smell can sniff out nearby items.
Your experience applies equally to all skills.


Message History

Casting: Pain (safe; 1% risk of failure)
Confirm with . or Enter, or press ? or * to list all spells.
Aiming: Pain (safe; 1% risk of failure)
Press: ? - help, Shift-Dir - straight line, f/p - orc
Aim: an orc, wielding a +0 club (lightly wounded, chance to affect: 93%)
The orc writhes in agony.
You take 1 damage, and have 11/37 hp.
You now have 9/12 mp.
Casting: Pain (safe; 1% risk of failure)
Confirm with . or Enter, or press ? or * to list all spells.
Aiming: Pain (safe; 1% risk of failure)
Press: ? - help, Shift-Dir - straight line, f/p - orc
Aim: an orc, wielding a +0 club (moderately wounded, chance to affect: 93%)
The orc writhes in agony.
The orc hits you with a +0 club.
* * * LOW HITPOINT WARNING * * *
You take 3 damage, and have 8/37 hp.
You now have 8/12 mp.
Casting: Pain (safe; 1% risk of failure)
Confirm with . or Enter, or press ? or * to list all spells.
Aiming: Pain (safe; 1% risk of failure)
Press: ? - help, Shift-Dir - straight line, f/p - orc
Aim: an orc, wielding a +0 club (severely wounded, chance to affect: 93%)
The orc writhes in agony!
You now have 7/12 mp.
Magic restored.
HP restored.
e - 2 scrolls labelled NERUGEU TUNYNK (gained 1)
Things that are here:
a +0 club; a +0 dagger; a +0 robe of positive energy Health restored: 37; MP restored: 12
o - a +0 robe of positive energy You start removing your armour.
You continue taking off your +0 robe. x4
You finish taking off your +0 robe.
You start putting on your armour.
You continue putting on your +0 robe of positive energy. x5
You finish putting on your +0 robe of positive energy.
You feel more protected from negative energy.
Drop what? 15/52 slots (_ for help) (? for menu, Esc to quit)
You drop a +0 robe.
Things that are here:
a +0 falchion; a +0 chain mail
f - 3 bubbling orange potions (gained 2)
Found a stone staircase leading down.
You pick up a book of Conjurations and begin reading...
You add the spells Magic Dart, Searing Ray and Fulminant Prism to your library.
A hound skeleton comes into view.
Found an escape hatch in the floor.
An ogre comes into view. It is wielding a +0 giant club.
An acid dragon comes into view.
The ogre shouts!
You hear a shout!
An ogre comes into view. It is wielding a +0 giant spiked club.
Casting: Pain (safe; 1% risk of failure)
Confirm with . or Enter, or press ? or * to list all spells.
Aiming: Pain (safe; 1% risk of failure)
Press: ? - help, Shift-Dir - straight line, f - ogre
Aim: an ogre, wielding a +0 giant club (chance to affect: 84%)
The ogre writhes in agony.
You take 1 damage, and have 36/37 hp.
You now have 11/12 mp.
Casting: Pain (safe; 1% risk of failure)
Confirm with . or Enter, or press ? or * to list all spells.
Aiming: Pain (safe; 1% risk of failure)
Press: ? - help, Shift-Dir - straight line, f/p - ogre
Aim: an ogre, wielding a +0 giant club (lightly wounded, chance to affect: 84%)
The ogre writhes in agony.
You take 1 damage, and have 35/37 hp.
You now have 10/12 mp.
Casting: Pain (safe; 1% risk of failure)
Confirm with . or Enter, or press ? or * to list all spells.
Aiming: Pain (safe; 1% risk of failure)
Press: ? - help, Shift-Dir - straight line, f/p - ogre
Aim: an ogre, wielding a +0 giant club (lightly wounded, chance to affect: 84%)
The ogre writhes in agony.
The ogre closely misses you.
You take 1 damage, and have 34/37 hp.
You now have 9/12 mp.
Casting: Pain (safe; 1% risk of failure)
Confirm with . or Enter, or press ? or * to list all spells.
Aiming: Pain (safe; 1% risk of failure)
Press: ? - help, Shift-Dir - straight line, f/p - ogre
Aim: an ogre, wielding a +0 giant club (moderately wounded, chance to affect: 84%)
The ogre writhes in agony.
The ogre hits you with a +0 giant club!
You take 13 damage, and have 21/37 hp.
MASSIVE DAMAGE!!
You now have 8/12 mp.
Casting: Pain (safe; 1% risk of failure)
Confirm with . or Enter, or press ? or * to list all spells.
Aiming: Pain (safe; 1% risk of failure)
Press: ? - help, Shift-Dir - straight line, f/p - ogre
Aim: an ogre, wielding a +0 giant club (moderately wounded, chance to affect: 84%)
The ogre writhes in agony.
You now have 7/12 mp.
Casting: Pain (safe; 1% risk of failure)
Confirm with . or Enter, or press ? or * to list all spells.
Aiming: Pain (safe; 1% risk of failure)
Press: ? - help, Shift-Dir - straight line, f/p - ogre
Aim: an ogre, wielding a +0 giant club (heavily wounded, chance to affect: 84%)
The ogre barely resists.
The ogre barely misses you.
You take 1 damage, and have 20/37 hp.
You now have 6/12 mp.
Casting: Pain (safe; 1% risk of failure)
Confirm with . or Enter, or press ? or * to list all spells.
Aiming: Pain (safe; 1% risk of failure)
Press: ? - help, Shift-Dir - straight line, f/p - ogre
Aim: an ogre, wielding a +0 giant club (heavily wounded, chance to affect: 84%)
The ogre writhes in agony.
The ogre hits you with a +0 giant club!!
Ouch! That really hurt!
You die...

...###.....# #.# ##
...........#####.##..
(.................>$
......###.........#
.......##.........#.#
...##..##.........#.# ∆
.).##..##.........#.#
.#.##..##.........#.#
.#.[...##...####@##.#
.#.##..##...####O##.#
.#.##..##...#.......####
...##..##...#..........#
...##..................+
.≈..#.#######..........###
.≈..#.# .................
.≈. #.# #####........[###
................


You could see an ogre.

Vanquished Creatures
  An orc wizard (D:4)
  3 adders
  2 worms (D:2)
  2 dart slugs
  2 orcs (D:4)
  8 bats
  2 endoplasms
  2 giant cockroaches
  4 goblins
  5 hobgoblins
  8 jackals
  3 kobolds
  2 quokkas
  3 ball pythons
  5 frilled lizards
  3 rats
55 creatures vanquished.

Notes
Turn   | Place    | Note
-------+----------+-------------------------------------------
     0 | D:1      | IndexError the Gnoll Necromancer began the quest for the
                  | Orb.
     0 | D:1      | Reached XP level 1. HP: 13/13 MP: 6/6
   421 | D:1      | Reached XP level 2. HP: 9/19 MP: 3/7
   580 | D:1      | Learned a level 1 spell: Animate Skeleton
   783 | D:1      | Found a faded altar of an unknown god.
  1258 | D:2      | Found Xirrap's Antique Armour Shoppe.
  1498 | D:2      | Found Banarox's Book Emporium.
  1506 | D:2      | Reached XP level 3. HP: 24/25 MP: 7/9
  1525 | D:2      | Reached skill level 5 in Spellcasting
  1701 | D:2      | Found Orphokh's Armour Emporium.
  1711 | D:2      | Learned a level 3 spell: Vampiric Draining
  1773 | D:2      | Reached skill level 1 in Invocations
  2687 | D:3      | Reached skill level 1 in Fighting
  2687 | D:3      | Reached skill level 1 in Short Blades
  2687 | D:3      | Reached skill level 1 in Long Blades
  2687 | D:3      | Reached skill level 1 in Axes
  2687 | D:3      | Reached skill level 1 in Maces & Flails
  2687 | D:3      | Reached skill level 1 in Polearms
  2687 | D:3      | Reached skill level 1 in Staves
  2687 | D:3      | Reached skill level 1 in Slings
  2687 | D:3      | Reached skill level 1 in Bows
  2687 | D:3      | Reached skill level 1 in Crossbows
  2687 | D:3      | Reached skill level 1 in Throwing
  2687 | D:3      | Reached skill level 1 in Armour
  2687 | D:3      | Reached skill level 1 in Shields
  2687 | D:3      | Reached skill level 1 in Unarmed Combat
  2687 | D:3      | Reached skill level 1 in Evocations
  2718 | D:3      | Reached XP level 4. HP: 13/31 MP: 4/11
  3533 | D:4      | Reached skill level 1 in Conjurations
  3533 | D:4      | Reached skill level 1 in Hexes
  3533 | D:4      | Reached skill level 1 in Summonings
  3533 | D:4      | Reached skill level 1 in Translocations
  3533 | D:4      | Reached skill level 1 in Transmutations
  3533 | D:4      | Reached skill level 1 in Fire Magic
  3533 | D:4      | Reached skill level 1 in Ice Magic
  3533 | D:4      | Reached skill level 1 in Air Magic
  3533 | D:4      | Reached skill level 1 in Earth Magic
  3533 | D:4      | Reached skill level 1 in Poison Magic
  3554 | D:4      | Reached XP level 5. HP: 19/37 MP: 9/12
  3580 | D:4      | HP: 8/37 [orc (2)]
  3867 | D:4      | Noticed an ogre
  3868 | D:4      | Noticed an acid dragon
  3870 | D:4      | Noticed an ogre
  3883 | D:4      | Mangled by an ogre

Illustrated notes

Levels and vault maps discovered:
D:1:      heliophobic_arrival_dark_side_of_the_moon, layout_basic,
          shapermc_ecumenical_altar_mp_highgroup
D:2:      layout_loops_cross, serial_shops, nicolae_shop_statue_plus, shop,
          nicolae_shop_waterfront, kennysheep_nub
D:3:      layout_rooms, chequers_serial_rivers_micro_c, grunt_ministairs_4
D:4:      layout_basic, mainiacjoe_overflow_boulevard, ebering_ghost_inner_flame

Skill      XL: |  1  2  3  4 |
---------------+-------------+-----
Spellcasting   | 5 |  5.1
Invocations    | 1 |  1.5
Fighting       | 1 |  1.3
Short Blades   | 1 |  1.3
Long Blades    | 1 |  1.3
Axes           | 1 |  1.3
Maces & Flails | 1 |  1.3
Polearms       | 1 |  1.3
Staves         | 1 |  1.3
Slings         | 1 |  1.3
Bows           | 1 |  1.3
Crossbows      | 1 |  1.3
Throwing       | 1 |  1.3
Armour         | 1 |  1.3
Shields        | 1 |  1.3
Unarmed Combat | 1 |  1.3
Evocations     | 1 |  1.3
Conjurations   | 1 |  1.1
Hexes          | 1 |  1.1
Summonings     | 1 |  1.1
Translocations | 1 |  1.1
Transmutations | 1 |  1.1
Fire Magic     | 1 |  1.1
Ice Magic      | 1 |  1.1
Air Magic      | 1 |  1.1
Earth Magic    | 1 |  1.1
Poison Magic   | 1 |  1.1
Dodging        | |  4.7
Stealth        | |  4.3
Necromancy     | |  7.1

Action                   |  1- 3 |  4- 6 || total
-------------------------+-------+-------++-------
Melee: Dagger            |    64 |    48 ||   112
       Short sword       |     5 |       ||     5
       Bite              |     5 |     6 ||    11
 Cast: Pain              |    35 |    18 ||    53
       Animate Skeleton  |     4 |     3 ||     7
 Stab: Sleeping          |    11 |     6 ||    17
       Distracted        |     1 |       ||     1
Armor: Robe              |    19 |     6 ||    25
Dodge: Dodged            |    48 |    24 ||    72

Table legend: (Time is in decaauts)
 A = Elapsed time spent in this place.
 B = Non-inter-level travel time spent in this place.
 C = Inter-level travel time spent in this place.
 D = Time resting spent in this place.
 E = Time spent auto-exploring this place.
 F = Levels seen in this place.
 G = Mean time per level.
                   A        B        C        D        E       F      G
               +--------+--------+--------+--------+--------+-----+--------+
         Total |   3881 |   3540 |    341 |    297 |   2744 |   4 |  970.2 |
       Dungeon |   3881 |   3540 |    341 |    297 |   2744 |   4 |  970.2 |
               +--------+--------+--------+--------+--------+-----+--------+

Top non-repeatable levels by time:
     D:1: 1251 daAuts
     D:2: 1214 daAuts
     D:3: 1044 daAuts
     D:4: 371 daAuts

Table legend:
 A = Kills in this place as a percentage of kills in entire the game.
 B = Kills by you in this place as a percentage of kills by you in the entire game.
 C = Kills by friends in this place as a percentage of kills by friends in the entire game.
 D = Other kills in this place as a percentage of other kills in the entire game.
 E = Experience gained in this place as a percentage of experience gained in the entire game.
 F = Experience gained in this place divided by the number of levels of this place that you have seen.
                   A       B       C       D       E      F
               +-------+-------+-------+-------+-------+----------------------
         Total | 100.0 | 100.0 |   N/A |   N/A | 100.0 |  44.0
       Dungeon | 100.0 | 100.0 |   N/A |   N/A | 100.0 |  44.0
               +-------+-------+-------+-------+-------+----------------------
